 Dungeon Crawl Stone Soup version 0.30-a0-743-gbfdf073431 (webtiles) character file.

Game seed: 9030288360551311123

28 jimonade the Trooper (level 3, -6/29 HPs)
             Began as a Mummy Fighter on Feb 7, 2023.
             Mangled by Terence
             ... wielding a +0 flail
              (7 damage)
             ... on level 2 of the Dungeon.
             The game lasted 00:01:53 (800 turns).

jimonade the Trooper (Mummy Fighter)                 Turns: 800, Time: 00:01:53

Health: -6/29      AC:  7    Str: 19    XL:     3   Next: 0%
Magic:  3/3        EV:  9    Int:  7    God:
Gold:   18         SH:  4    Dex: 13    Spells: 2/2 levels left

rFire   x . .      SeeInvis .    a - +0 long sword
rCold   + . .      Faith    +    c - +0 buckler
rNeg    + + +      Spirit   .    b - +0 scale mail
rPois   ∞          Reflect  .    h - +0 helmet
rElec   .          Harm     .    (no cloak)
rCorr   .          Rampage  .    (no gloves)
Will    .....                    (no boots) Stlth
                                 (no amulet)
HPRegen 0.24/turn                (no ring)
MPRegen 0.08/turn                (no ring)

@: no status effects
A: cold resistance 1, negative energy resistance 3, torment resistance 2, heat
vulnerability 1, in touch with death 1, no potions, faith
a: no special abilities


You were on level 2 of the Dungeon.
You visited 1 branch of the dungeon, and saw 2 of its levels.

You collected 18 gold pieces.

Inventory:

Hand Weapons
 a - a +0 long sword (weapon)
 l - a +0 spear
 n - a +0 rapier
Missiles
 k - 20 stones (quivered)
 m - 5 poisoned darts
Armour
 b - a +0 scale mail (worn)
 c - a +0 buckler (worn)
 h - a +0 helmet (worn)
Scrolls
 d - 2 scrolls of teleportation {unknown}
 e - a scroll of blinking {unknown}
 f - a scroll of acquirement {unknown}
 g - a scroll of butterflies {unknown}
 i - a scroll of fog {unknown}
 j - a scroll of identify {unknown}


   Skills:
 + Level 3.5 Fighting
 * Level 2.0 Long Blades
 + Level 2.6 Armour
 + Level 2.5 Shields


You had 2 spell levels left.
You didn't know any spells.
Your spell library contained the following spells:

 Spells                   Type           Power      Damage    Failure   Level
 Portal Projectile        Hex/Tloc       0%         N/A       99%         3
 Tukima's Dance           Hex            0%         N/A       99%         3
 Blade Hands              Tmut           Unusable   N/A       N/A         5

Dungeon Overview and Level Annotations

Branches:
Dungeon (2/15)

Altars:

Shops:
D:2 :

Annotations:
D:2 Terence


Innate Abilities, Weirdness & Mutations

You are immune to poison.
Your flesh is cold resistant. (rC+)
You are immune to negative energy. (rN+++)
You are immune to unholy pain and torment.
You are vulnerable to heat. (rF-)
You are in touch with the powers of death.
You do not drink.
You have a special connection with the divine. (Faith)


Message History

You have reached level 3!
Your experience leads to an increase in your attributes!
Increase (S)trength, (I)ntelligence, or (D)exterity?
You feel agile. x2
You feel more in touch with the powers of death.
You hit Terence but do no damage. Terence barely misses you.
The endoplasm hits you but does no damage.
Terence hits you with a +0 flail.
You hit Terence.
Terence is lightly wounded.
The endoplasm splashes around in the water.
Terence hits you with a +0 flail. The goblin hits you but does no damage.
You completely miss Terence.
Terence is lightly wounded.
You block the endoplasm's attack. Terence hits you with a +0 flail!
The goblin hits you but does no damage. The endoplasm barely misses you.
You hit Terence but do no damage.
Terence is lightly wounded.
Terence bares his teeth.
Terence barely misses you. You block the goblin's attack.
The endoplasm hits you.
* * * LOW HITPOINT WARNING * * *
The goblin barely misses you. Terence closely misses you.
You hit Terence.
Terence is lightly wounded.
The endoplasm freezes you.
You are frozen.
You resist. Terence hits you with a +0 flail.
* * * LOW HITPOINT WARNING * * *
The goblin hits you but does no damage.
You closely miss Terence.
Terence is lightly wounded.
The endoplasm freezes you.
You are frozen.
You resist.
* * * LOW HITPOINT WARNING * * *
Terence closely misses you. The goblin closely misses you.
The endoplasm hits you but does no damage.
You barely miss Terence.
Terence is lightly wounded.
Terence hits you with a +0 flail!
You die...

#.# ....... #.# ....g..
#!# ....... #.# .......
#.## ###.......
######..#####.........
...............#.?.....
~~...~P~~.g@J..########
≈≈≈~~~P~..~@####
≈≈≈≈≈≈≈≈~~≈≈≈≈#
~≈P≈≈≈≈≈≈≈≈≈≈≈≈≈≈
~.~P~~~≈≈≈≈≈≈≈≈≈≈#
...~~.~~~..#######
.......?... .........
#######


You could see Terence, an endoplasm and a goblin.

Vanquished Creatures
  A worm (D:2)
  A dart slug (D:1)
  A ball python (D:1)
  An endoplasm (D:1)
  A goblin (D:1)
  3 hobgoblins
  4 jackals (D:1)
  2 quokkas (D:1)
  3 bats
  A frilled lizard (D:2)
  A kobold (D:1)
  2 rats
21 creatures vanquished.

Notes
Turn   | Place    | Note
-------+----------+-------------------------------------------
     0 | D:1      | jimonade the Mummy Fighter began the quest for the Orb.
     0 | D:1      | Reached XP level 1. HP: 18/18 MP: 1/1
   110 | D:1      | Reached XP level 2. HP: 24/24 MP: 2/2
   373 | D:1      | Found a faded altar of an unknown god.
   671 | D:2      | Found Riraucw's Book Shop.
   781 | D:2      | Noticed Terence
   794 | D:2      | Gained mutation: You are in touch with the powers of death.
                  | [Mummy growth]
   794 | D:2      | Reached XP level 3. HP: 23/29 MP: 3/3
   799 | D:2      | HP: 1/29 [frozen (1)]
   800 | D:2      | Mangled by Terence

Illustrated notes

Levels and vault maps discovered:
D:1:      dpeg_arrival_lava_temple_mockup, layout_rooms,
          hellmonk_ecumenical_altar_blasted
D:2:      layout_rooms, serial_shops, shop, chequers_big_river, uniq_terence

Skill      XL: |  1  2 |
---------------+-------+-----
Long Blades    | 2 |  2.0
Fighting       | |  3.5
Armour         | |  2.6
Shields        | |  2.5

Action                     || total
---------------------------++-------
  Melee: Long sword        ||    77
 Armour: Scale mail        ||    31
  Dodge: Dodged            ||    40
  Block: Buckler           ||    16

Table legend: (Time is in decaauts)
 A = Elapsed time spent in this place.
 B = Non-inter-level travel time spent in this place.
 C = Inter-level travel time spent in this place.
 D = Time resting spent in this place.
 E = Time spent auto-exploring this place.
 F = Levels seen in this place.
 G = Mean time per level.
                   A        B        C        D        E       F      G
               +--------+--------+--------+--------+--------+-----+--------+
         Total |    826 |    786 |     40 |      0 |    588 |   2 |  413.0 |
       Dungeon |    826 |    786 |     40 |      0 |    588 |   2 |  413.0 |
               +--------+--------+--------+--------+--------+-----+--------+

Top non-repeatable levels by time:
     D:1: 636 daAuts
     D:2: 190 daAuts
